 Dungeon Crawl Stone Soup version 0.21.0-26-g889b8f6 (webtiles) character file.

340 kuniqs the Magician (level 6, -3/41 HPs)
             Began as a Mummy Summoner on Jan 27, 2018.
             Was an Initiate of Sif Muna.
             Slain by an orc
             ... wielding a +0 trident
              (5 damage)
             ... on level 5 of the Dungeon.
             The game lasted 00:10:37 (3860 turns).

kuniqs the Magician (Mummy Summoner)                Turns: 3860, Time: 00:10:37

Health: -3/41      AC:  3    Str: 12    XL:     6   Next: 30%
Magic:  18/23      EV: 12    Int: 16    God:    Sif Muna [......]
Gold:   196        SH:  0    Dex: 12    Spells: 5/15 levels left

rFire    x . .     SeeInvis .   (no weapon)
rCold    + . .     Gourm    .   (no shield)
rNeg     + + +     Faith    .   a - +0 robe
rPois    ∞         Spirit   .   (no helmet)
rElec    .         Reflect  .   (no cloak)
rCorr    .         Harm     .   (no gloves)
MR       .....                  l - +0 pair of boots
Stlth    ++........             (no amulet)
HPRegen  0.13/turn              i - ring of magical power
MPRegen  0.18/turn              (no ring)

@: no status effects
A: no food or potions, fire vulnerability, cold resistance 1, negative energy
resistance 3, torment resistance, unbreathing
a: Renounce Religion


You were on level 5 of the Dungeon.
You worshipped Sif Muna.
Sif Muna was noncommittal.
You were not hungry.

You visited 2 branches of the dungeon, and saw 6 of its levels.

You collected 196 gold pieces.

Inventory:

Armour
 a - a +0 robe (worn)
 l - a +0 pair of boots (worn)
Jewellery
 i - a ring of magical power (left hand)
Scrolls
 c - 7 scrolls of identify {@r1}
 d - 2 scrolls of remove curse {@r2}
 e - 3 scrolls of teleportation {unknown}
 f - a scroll of enchant weapon
 g - a scroll of random uselessness {unknown}
 j - a scroll of enchant armour {unknown}
 m - a scroll of fog {unknown}
Books
 b - a book of Callings

   Spells                             Type                      Level
   a - Summon Small Mammal            Summoning                    1
   b - Call Imp                       Summoning                    2
   c - Call Canine Familiar           Summoning                    3
   d - Summon Guardian Golem          Hexes/Summoning              3
   e - Summon Lightning Spire         Summoning/Air                4
   f - Summon Ice Beast               Ice/Summoning                4
 h - a book of Minor Magic

   Spells                             Type                      Level
   a - Magic Dart                     Conjuration                  1
   b - Blink                          Translocation                2
   c - Call Imp                       Summoning                    2
   d - Slow                           Hexes                        2
   e - Conjure Flame                  Conjuration/Fire             3
   f - Mephitic Cloud                 Conjuration/Poison/Air       3


   Skills:
 - Level 1.5 Dodging
 - Level 1.5 Stealth
 + Level 5.3 Spellcasting
 + Level 4.8 Summonings
 + Level 2.0 Ice Magic


You had 5 spell levels left.
You knew the following spells:

 Your Spells              Type           Power        Failure   Level  Hunger
a - Summon Small Mammal   Summ           ###.         1%          1    N/A
b - Call Imp              Summ           ###.....     3%          2    N/A
c - Call Canine Familiar  Summ           ###.....     6%          3    N/A
d - Summon Ice Beast      Ice/Summ       ###.....     34%         4    N/A

Dungeon Overview and Level Annotations

Branches:
Dungeon (5/15)             Temple (1/1) D:5

Altars:
Dithmenos
Fedhas
Ru
Sif Muna


Innate Abilities, Weirdness & Mutations

You do not eat or drink.
Your flesh is vulnerable to fire.
You are immune to poison.
Your flesh is cold resistant. (rC+)
You are immune to negative energy. (rN+++)
You are immune to unholy pain and torment.
You can survive without breathing.


Message History

Your hound barely misses the centaur.
The centaur misses your hound.
Your crimson imp hits the centaur but does no damage.
Your hound bites the centaur.
The centaur hits your hound.
Your hound bites the centaur.
Your crimson imp blinks!
The centaur hits your hound.
Your hound dies!
Your hound's corpse disappears in a puff of smoke!
An orc comes into view. It is wielding a trident.
The orc shouts!
An orc wizard comes into view. It is wielding a dagger.
An orc priest comes into view. It is wielding a hand axe.
The orc hits you with a trident.
* * * LOW HITPOINT WARNING * * *
The orc wizard shouts!
The orc priest miscasts a cantrip.
The orc wizard closely misses you. The orc barely misses you.
An orc comes into view. It is wielding a club.
The orc hits you from afar with a trident.
You die...

#.#####.######
####............#
#....#####.####.#
#.##.# #.# #.#
#.##c## #.# #.#
#.#(#§## #.# #.#
#..###.###.# #.#
#c## ##o...# #.#
#..###@##### #.#
#.#.#o#########)#
#.##.o......o...#
#.###############
#O# ... #O.


You could see an orc wizard and 2 orcs.

Vanquished Creatures (collateral kills)
  3 ogres
  A crimson imp (D:5)
  A jelly (D:5)
  An orc wizard (D:2)
  An orc priest (D:5)
  2 iguanas
  A hound zombie (D:5)
  A hound skeleton (D:5)
  7 adders
  3 gnolls (D:4)
  An ooze (D:3)
  8 worms
  A dart slug (D:2)
  3 leopard geckos
  4 orcs
  A ball python (D:2)
  2 giant cockroaches
  3 goblins
  5 hobgoblins
  7 jackals
  5 kobolds
  2 quokkas (D:5)
  7 bats
  6 frilled lizards
  5 rats
81 creatures vanquished.

Notes
Turn   | Place    | Note
-------+----------+-------------------------------------------
     0 | D:1      | kuniqs the Mummy Summoner began the quest for the Orb.
     0 | D:1      | Reached XP level 1. HP: 13/13 MP: 4/4
   150 | D:1      | Reached skill level 3 in Spellcasting
   257 | D:1      | Reached XP level 2. HP: 18/19 MP: 0/6
   269 | D:1      | Learned a level 2 spell: Call Imp
   596 | D:2      | Found a sacrificial altar of Ru.
   602 | D:2      | Reached XP level 3. HP: 21/24 MP: 2/8
   643 | D:2      | Learned a level 3 spell: Call Canine Familiar
   765 | D:2      | Reached skill level 4 in Spellcasting
   810 | D:2      | Found a blossoming altar of Fedhas.
  1102 | D:2      | Found a faded altar of an unknown god.
  1300 | D:2      | Reached XP level 4. HP: 30/30 MP: 10/10
  1342 | D:2      | Learned a level 4 spell: Summon Ice Beast
  2608 | D:4      | Found a shadowy altar of Dithmenos.
  2625 | D:4      | Found a deep blue altar of Sif Muna.
  2628 | D:4      | Became a worshipper of Sif Muna the Loreminder
  2810 | D:4      | Noticed an ogre
  2827 | D:4      | Killed an ogre
  2827 | D:4      | Reached skill level 1 in Ice Magic
  2827 | D:4      | Reached XP level 5. HP: 35/35 MP: 9/11
  3188 | D:5      | Entered Level 5 of the Dungeon
  3188 | D:5      | Noticed an ogre
  3188 | D:5      | Noticed a centaur
  3304 | D:5      | Found a staircase to the Ecumenical Temple.
  3322 | Temple   | Entered the Ecumenical Temple
  3531 | D:5      | Reached skill level 5 in Spellcasting
  3608 | D:5      | Noticed an ogre
  3652 | D:5      | Killed an ogre
  3652 | D:5      | Reached XP level 6. HP: 39/41 MP: 13/13
  3858 | D:5      | HP: 2/41 [orc/trident (6)]
  3860 | D:5      | Slain by an orc

Skill      XL: |  1  2  3  4  5  6 |
---------------+-------------------+-----
Spellcasting   | 3 4 5 |  5.3
Summonings     | 4 |  4.8
Ice Magic      | 1 2 |  2.0
Dodging        | |  1.5
Stealth        | |  1.5

Action                   |  1- 3 |  4- 6 || total
-------------------------+-------+-------++-------
Melee: Unarmed           |     3 |       ||     3
 Cast: Summon Small Mamm |    21 |       ||    21
       Call Imp          |    12 |    14 ||    26
       Call Canine Famil |     7 |    36 ||    43
  Use: Scroll            |       |     2 ||     2
Armor: Robe              |    17 |    14 ||    31
Dodge: Dodged            |    44 |    64 ||   108
